 Dungeon Crawl Stone Soup version 0.29-a0-1065-g47a6bb87d6 (webtiles) character file.

Game seed: 12675620012742088169

16085 skk the Carver (level 12, -8/72 HPs)
             Began as a Tengu Fighter on Aug 18, 2022.
             Was an Initiate of Gozag.
             Mangled by a minotaur
             ... wielding the +8 morningstar of Dissent {freeze, rC+ Will+ Str-3 Stlth+}
              (17 damage)
             ... in a Gauntlet.
             The game lasted 00:17:35 (13948 turns).

skk the Carver (Tengu Fighter)                     Turns: 13948, Time: 00:17:36

Health: -8/72      AC: 12    Str: 18 (19) XL:     12   Next: 33%
Magic:  13/13      EV: 24    Int: 11 (13) God:    Gozag
Gold:   397        SH:  6    Dex: 14 (17) Spells: 11/11 levels left

rFire   + . .      SeeInvis .   x - +7 falchion "Weesix" {vorpal, rF+ Will+ Int+5}
rCold   . . .      Faith    .   c - +0 buckler
rNeg    . . .      Spirit   .   b - +0 scale mail
rPois   .          Reflect  .   (helmet restricted)
rElec   .          Harm     .   y - +1 cloak of Starlight {*Dazzle EV+4 Stlth--}
rCorr   .          Rampage  .   q - +0 pair of gloves
Will    +....      NoTele   +   (boots unavailable)
Stlth   ..........              (no amulet)
HPRegen 0.22/turn               n - +4 ring of slaying
MPRegen 0.13/turn               p - +4 ring of evasion

@: mighty, flying quickly and evasively, quick
A: beak, talons 3, nimble flight
a: Renounce Religion, Potion Petition, Call Merchant, Bribe Branch


You were in a Gauntlet.
You worshipped Gozag.
Gozag was aware of your devotion.
You visited 2 branches of the dungeon, and saw 12 of its levels.
You also visited: Gauntlet.

You collected 2452 gold pieces.
You spent 331 gold pieces at shops.
You paid 1724 gold pieces to Gozag.

Inventory:

Hand Weapons
 x - the +7 falchion "Weesix" (weapon) {vorpal, rF+ Will+ Int+5}
   (You found it on level 4 of the Dungeon)

   It inflicts extra damage upon your enemies.
   Int:       It affects your intelligence (+5).
   rF:        It protects you from fire.
   Will:      It increases your willpower.
Armour
 b - a +0 scale mail (worn)
 c - a +0 buckler (worn)
 q - a +0 pair of gloves (worn)
 t - a scarf of repulsion
 y - the +1 cloak of Starlight (worn) {*Dazzle EV+4 Stlth--}
   (You found it in a Gauntlet)

   It may blind those who miss an attack against the wearer in melee combat.
   EV:        It affects your evasion (+4).
   Stlth:     It makes you much less stealthy.
Jewellery
 k - a ring of protection from fire
 n - a +4 ring of slaying (left hand)
 p - a +4 ring of evasion (right hand)
 z - a ring of positive energy
Wands
 s - a wand of charming (7)
 w - a wand of iceblast (5)
 D - a wand of flame (4)
Scrolls
 h - 4 scrolls of noise
 i - 2 scrolls of magic mapping
 j - 3 scrolls of poison
 m - 2 scrolls of blinking
 r - 2 scrolls of enchant weapon
 u - 4 scrolls of enchant armour
 G - a scroll of brand weapon
Potions
 d - 2 potions of might
 e - 2 potions of resistance
 g - 2 potions of flight
 l - a potion of degeneration
 o - 4 potions of lignification
 v - 2 potions of mutation
 A - 6 potions of curing
 C - 2 potions of brilliance
 E - a potion of magic
 F - a potion of ambrosia


   Skills:
 + Level 7.4 Fighting
 * Level 13.3 Long Blades
 + Level 10.2 Armour
 + Level 9.2 Dodging
 + Level 3.9 Stealth
 + Level 7.1 Shields
 + Level 0.8 Evocations


You had 11 spell levels left.
You didn't know any spells.
Your spell library contained the following spells:

 Spells                   Type           Power      Damage    Failure   Level
 Freeze                   Ice            0%         1d3       75%         1
 Magic Dart               Conj           0%         1d3       75%         1
 Summon Small Mammal      Summ           0%         N/A       75%         1
 Blink                    Tloc           0%         N/A       86%         2
 Call Imp                 Summ           0%         N/A       86%         2
 Static Discharge         Conj/Air       0%         3-3/arc   86%         2
 Frozen Ramparts          Ice            0%         1d1       98%         3
 Mephitic Cloud           Conj/Pois/Air  0%         N/A       98%         3
 Cause Fear               Hex            0%         N/A       100%        4
 Hailstorm                Conj/Ice       0%         3d3       100%        4
 Ice Form                 Ice/Tmut       0%         N/A       100%        4
 Summon Ice Beast         Ice/Summ       0%         N/A       100%        4
 Lightning Bolt           Conj/Air       0%         1d11      100%        5
 Manifold Assault         Tloc           0%         N/A       100%        5
 Dragon Form              Tmut           0%         N/A       100%        7
 Storm Form               Tmut/Air       0%         N/A       100%        7
 Maxwell's Capacitive Co  Air            0%         ∞         100%        8
 Dragon's Call            Summ           0%         N/A       100%        9


Dungeon Overview and Level Annotations

Branches:
Dungeon (11/15)            Temple (0/1) D:6            Lair (1/5) D:10
Gauntlet (1/1)
    Orc: D:9-12

Altars:
Cheibriados
Elyvilon
Fedhas
Gozag
Hepliaklqana
Kikubaaqudgha
Nemelex Xobeh
Okawaru
Qazlal
Sif Muna
Uskayaw
Vehumet
Zin
The Shining One

Shops:
D:8 [   D:10 !(   D:11 *   Lair:1 *[

Annotations:
D:11 3 runed translucent doors, QuickerDeath's ghost, journeyman DrCj
Lair:1 3 runed translucent doors, Hisegoubb's ghost, journeyman GnFi Gauntlet 4 transporters


Innate Abilities, Weirdness & Mutations

You have a beak for a mouth.
You have claws for feet.
Your magical nature lets you fly swiftly and evasively.


Message History

The minotaur throws a silver javelin.
The silver javelin closely misses you.
Found a crooked runed staff.
Found a gate leading back out of this place.
The minotaur throws a silver javelin.
The silver javelin pierces through you!!
You hit the minotaur. You claw the minotaur.
You peck the minotaur, but do no damage.
The minotaur is lightly wounded.
The minotaur hits you with the +8 morningstar of Dissent {freeze, rC+ Will+ Str-3 Stlth+}!!
* * * LOW HITPOINT WARNING * * *
The minotaur freezes you!
* * * LOW HITPOINT WARNING * * *
The minotaur gores you but does no damage.
You feel much better.
The minotaur hits you with the +8 morningstar of Dissent {freeze, rC+ Will+ Str-3 Stlth+}!
The minotaur freezes you. The minotaur gores you.
You hit the minotaur but do no damage. You claw the minotaur!
You peck the minotaur, but do no damage.
The minotaur is lightly wounded.
The minotaur hits you with the +8 morningstar of Dissent {freeze, rC+ Will+ Str-3 Stlth+}!
* * * LOW HITPOINT WARNING * * *
The minotaur freezes you.
* * * LOW HITPOINT WARNING * * *
The minotaur completely misses you.
Okay, then.
Okay, then.
Okay, then.
You slash the minotaur!
The minotaur is moderately wounded.
The minotaur completely misses you. x2
Unknown command.
You barely miss the minotaur.
The minotaur furiously retaliates!
The minotaur headbutts you, but does no damage.
You claw the minotaur!
The minotaur is heavily wounded.
You barely miss the minotaur. You claw the minotaur!
The minotaur is heavily wounded.
The minotaur hits you with the +8 morningstar of Dissent {freeze, rC+ Will+ Str-3 Stlth+}!
You die...
Your body crumbles into a pile of gold.

..#.[#..#####
.##.!#..#§8§### ##
©.#.©#..#...##.. .#
.##.!#..#.8....# .#
..#.=#..#...##.# ..
.##.2#..#.8.##.. .# ##.
....5#..#......# .##....
######..#...##.##....#
.......≈#.©.##..@H#
.......∩#......##.'...∩#
.......≈#.©.##.# .######
######..#...##....#
....^#..#......##.#
#.##^#..#.8.##.# ...
#..#.#..#...##....##.
##^#[#..#.8....##.#
©#..©#..#...##.#


You could see a minotaur.

Vanquished Creatures
  A catoblepas (Lair:1)
  A fire crab (Gauntlet)
  Maurice (D:8)
  4 elephants (Gauntlet)
  A torpor snail (Gauntlet)
  3 cane toads (Lair:1)
  5 komodo dragons (Lair:1)
  An unseen horror (D:10)
  2 rime drakes (Lair:1)
  A troll (D:10)
  A wolf spider simulacrum (Gauntlet)
  Prince Ribbit (D:6)
  2 shadows
  A vampire (D:11)
  A wraith (D:9)
  5 flying skulls (Gauntlet)
  A wyvern (D:9)
  4 fire bats (Gauntlet)
  24 yaks
  A steam dragon (D:8)
  2 water moccasins
  2 orc warriors
  2 meliai simulacra (Gauntlet)
  2 black bears
  A sky beast (D:6)
  4 centaurs
  6 kobold brigands
  4 bullfrogs
  A gnoll sergeant (D:8)
  A necrophage (D:6)
  A cane toad simulacrum (Gauntlet)
  3 scorpions (D:5)
  10 wights
  A killer bee (D:11)
  3 electric eels (D:10)
  2 howler monkeys
  A jelly (D:5)
  Crazy Yiuf (D:3)
  4 orc priests
  5 hounds
  4 iguanas
  Natasha (thrice) (D:2)
  10 orc wizards
  A boggart simulacrum (Gauntlet)
  9 adders
  3 gnolls (D:8)
  A shadow imp (D:6)
  An ufetubus (D:6)
  2 worms
  31 orcs
  6 endoplasms
  A giant cockroach (D:3)
  8 goblins
  7 hobgoblins
  4 jackals (D:4)
  5 quokkas
  2 ball pythons
  7 bats
  7 frilled lizards
  43 kobolds
  3 rats (D:1)
275 creatures vanquished.

Vanquished Creatures (others)
  3 fungi (Lair:1)
  9 plants (Lair:1)
  14 withered plants (Gauntlet)
26 creatures vanquished.

Grand Total: 301 creatures vanquished

Notes
Turn   | Place    | Note
-------+----------+-------------------------------------------
     0 | D:1      | skk the Tengu Fighter began the quest for the Orb.
     0 | D:1      | Reached XP level 1. HP: 14/14 MP: 2/2
    62 | D:1      | Reached XP level 2. HP: 19/19 MP: 3/3
   433 | D:1      | Found a faded altar of an unknown god.
   522 | D:1      | Reached skill level 1 in Dodging
   806 | D:2      | Reached XP level 3. HP: 23/23 MP: 4/4
  1002 | D:2      | Noticed Natasha
  1012 | D:2      | Killed Natasha
  1013 | D:2      | Reached skill level 3 in Long Blades
  1247 | D:2      | Reached XP level 4. HP: 27/28 MP: 5/5
  1582 | D:2      | Noticed Natasha
  1589 | D:2      | Killed Natasha
  1656 | D:2      | Noticed Natasha
  1666 | D:2      | Killed Natasha
  1869 | D:3      | Gained mutation: Your magical nature lets you fly swiftly
                  | and evasively. [Tengu growth]
  1869 | D:3      | Reached XP level 5. HP: 29/32 MP: 6/6
  1988 | D:3      | Found a runed translucent door.
  1989 | D:3      | Noticed Crazy Yiuf
  2412 | D:3      | Found an opulent altar of Gozag.
  2620 | D:3      | Became a worshipper of Gozag Ym Sagoz the Greedy
  2667 | D:3      | Noticed a kobold brigand
  2790 | D:3      | Killed a kobold brigand
  3149 | D:3      | Killed Crazy Yiuf
  3150 | D:3      | Reached skill level 4 in Long Blades
  3150 | D:3      | Reached XP level 6. HP: 37/38 MP: 7/7
  3427 | D:4      | Identified the +7 falchion "Weesix" {vorpal, rF+ Will+
                  | Int+5}
  3461 | D:4      | Noticed a black bear
  3470 | D:4      | Killed a black bear
  3930 | D:5      | Entered Level 5 of the Dungeon
  3973 | D:5      | Reached skill level 5 in Long Blades
  3973 | D:5      | Reached XP level 7. HP: 37/42 MP: 8/8
  4105 | D:5      | Reached skill level 6 in Long Blades
  4824 | D:6      | Reached XP level 8. HP: 48/48 MP: 9/9
  4846 | D:6      | Reached skill level 5 in Armour
  4855 | D:6      | Found a stormy altar of Qazlal.
  5074 | D:6      | Noticed Prince Ribbit
  5084 | D:6      | Killed Prince Ribbit
  5085 | D:6      | Reached skill level 7 in Long Blades
  5179 | D:6      | Found a staircase to the Ecumenical Temple.
  5673 | D:6      | Reached skill level 1 in Stealth
  6058 | D:7      | Found an ancient bone altar of Kikubaaqudgha.
  6307 | D:7      | Reached skill level 5 in Dodging
  6319 | D:7      | Reached XP level 9. HP: 42/53 MP: 10/10
  6761 | D:7      | You are sucked into a shaft and drop 1 floor!
  6840 | D:8      | Noticed Maurice
  6842 | D:8      | Reached skill level 8 in Long Blades
  6845 | D:8      | Reached skill level 5 in Fighting
  6900 | D:8      | Killed Maurice
  6901 | D:8      | Reached skill level 5 in Shields
  7454 | D:8      | Reached skill level 9 in Long Blades
  7527 | D:8      | Found Dadeosh's Armour Shoppe.
  7554 | D:8      | Found an iron altar of Okawaru.
  7682 | D:9      | Reached XP level 10. HP: 49/59 MP: 11/11
  8328 | D:9      | Found a hide-covered altar of Uskayaw.
  8616 | D:9      | Found a radiant altar of Vehumet.
  8617 | D:9      | Found a blossoming altar of Fedhas.
  8619 | D:9      | Found a snail-covered altar of Cheibriados.
  8621 | D:9      | Found a glowing golden altar of the Shining One.
  8621 | D:9      | Found a glowing silver altar of Zin.
  9176 | D:10     | Entered Level 10 of the Dungeon
  9196 | D:10     | Killed an unseen horror
  9303 | D:10     | Reached skill level 10 in Long Blades
  9444 | D:10     | Found a shimmering blue altar of Sif Muna.
  9478 | D:10     | Got Sif Muna's Parchment of Apparitions
  9523 | D:10     | Found Viluulots's Weapon Shoppe.
  9569 | D:10     | Found a staircase to the Lair.
  9887 | D:10     | Found a sparkling altar of Nemelex Xobeh.
  9918 | D:10     | Reached XP level 11. HP: 21/66 MP: 12/12
 10221 | D:10     | Found a hazy altar of Hepliaklqana.
 10327 | D:10     | Found a white marble altar of Elyvilon.
 10493 | D:10     | Found Omma's Distillery.
 10502 | D:10     | Bought a potion of heal wounds for 70 gold pieces
 10502 | D:10     | Bought a potion of berserk rage for 70 gold pieces
 10502 | D:10     | Bought a potion of resistance for 140 gold pieces
 10588 | Lair:1   | Entered Level 1 of the Lair of Beasts
 10600 | Lair:1   | Bought a yellow potion for 24 gold pieces
 10600 | Lair:1   | Bought a scroll labelled GOYTWU PORCHUN for 27 gold pieces
 10993 | Lair:1   | Reached skill level 11 in Long Blades
 11163 | Lair:1   | Noticed a catoblepas
 11193 | Lair:1   | Found a runed translucent gate.
 11193 | Lair:1   | Found a runed translucent gate.
 11193 | Lair:1   | Found a runed translucent gate.
 11198 | Lair:1   | Noticed Hisegoubb's ghost (journeyman GnFi)
 11210 | Lair:1   | Noticed a minotaur
 11421 | Lair:1   | HP: 2/66 [catoblepas (21)]
 11427 | Lair:1   | Killed a catoblepas
 11791 | Lair:1   | Reached skill level 12 in Long Blades
 12588 | D:11     | Noticed a six-headed hydra
 12611 | D:11     | Noticed a five-headed hydra
 12619 | D:11     | Noticed a cyclops
 12631 | D:11     | Found Duss's General Store.
 12634 | D:11     | Found a runed translucent gate.
 12634 | D:11     | Found a runed translucent gate.
 12634 | D:11     | Found a runed translucent gate.
 12637 | D:11     | Noticed QuickerDeath's ghost (journeyman DrCj)
 12638 | D:11     | Identified the +2 chain mail of Ziussy {rCorr}
 12648 | D:11     | Found a gate leading to a gauntlet.
 12658 | Gauntlet | Entered a Gauntlet
 12658 | Gauntlet | Noticed a large abomination
 12658 | Gauntlet | Found a transporter.
 12658 | Gauntlet | Found a transporter.
 12830 | Gauntlet | Found a transporter.
 12833 | Gauntlet | Noticed a fire crab
 12842 | Gauntlet | Found a transporter.
 12856 | Gauntlet | Found a transporter.
 12870 | Gauntlet | Found a transporter.
 12881 | Gauntlet | Found a transporter.
 12887 | Gauntlet | Found a transporter.
 12888 | Gauntlet | Found the +1 cloak of Starlight {*Dazzle EV+4 Stlth--}
 12901 | Gauntlet | Found a transporter.
 12904 | Gauntlet | Noticed a reaper
 12918 | Gauntlet | Found a transporter.
 12922 | Gauntlet | Found a transporter.
 12961 | Gauntlet | Found a transporter.
 13128 | Gauntlet | Reached XP level 12. HP: 39/72 MP: 13/13
 13295 | Gauntlet | Reached skill level 10 in Armour
 13580 | Gauntlet | Reached skill level 13 in Long Blades
 13937 | Gauntlet | Identified the +8 morningstar of Dissent {freeze, rC+ Will+
                  | Str-3 Stlth+}
 13937 | Gauntlet | Noticed a minotaur
 13948 | Gauntlet | Mangled by a minotaur

Illustrated notes

Levels and vault maps discovered:
D:1:      nzn_arrival_crosshair, layout_basic,
          dreamdust_ecumenical_altar_statues
D:2:      layout_loops_ring, uniq_natasha
D:3:      cheibrodos_thug_alley, layout_basic, grunt_gozag_breadcrumbs,
          uniq_crazy_yiuf_cottage
D:4:      layout_loops_ring
D:5:      layout_basic, minmay_holes, item_on_display_a
D:6:      layout_gridville, general_overflow_altar,
          minmay_temple_entry_crystal_x, uniq_prince_ribbit1
D:7:      layout_rooms, mainiacjoe_overflow_catwalk
D:8:      layout_cave_pools, okawaru_trees_2, serial_shops, kennysheep_mini,
          uniq_maurice
D:9:      layout_grid_maze, grunt_temple_overflow_open,
          nicolae_uskayaw_dance_studio
D:10:     layout_basic, nicolae_overflow_hidden_temple,
          worldfamousw_hep_ancestral_shrine, led_sif_book, serial_shops, shop,
          nicolae_shop_advertising_works [nicolae_subvault_shop_adworks],
          serial_park_tiny_1
D:11:     minmay_the_grid_square_5x5_3x3
          [minmay_the_grid_square_5x5_three_small,
          minmay_the_grid_square_5x5_three,
          minmay_the_grid_square_5x5_checkered,
          minmay_the_grid_square_5x5_half_checkered,
          minmay_the_grid_square_5x5_megaprize_checkered,
          minmay_the_grid_square_5x5_checkered_sparse,
          minmay_the_grid_square_5x5_percent,
          minmay_the_grid_square_5x5_pentomino_r,
          minmay_the_grid_square_5x5_bracketed], layout_long_grid,
          biasface_ghost_orc_armoury, gauntlet_entry_generic, serial_shops,
          shop_fountains, minmay_shattered_shrine, uniq_fannar
Lair:1:   layout_gridlike, maelrawn_ghost_gauntlet_escape, beast_lair_carwin_7
Gauntlet: gammafunk_gauntlet_shortcut [gammafunk_gauntlet_arena_crates,
          gammafunk_gauntlet_arena_teeth, nicolae_gauntlet_arena_x,
          nicolae_gauntlet_swirl, gammafunk_gauntlet_arena_arrow_garden,
          nicolae_gauntlet_arena_grate_2, gauntlet_exit_green]

Skill      XL: |  1  2  3  4  5  6  7  8  9 10 11 12 |
---------------+-------------------------------------+-----
Dodging        | 1 2 3 4 5 6 8 9 |  9.2
Long Blades    | 3 4 5 6 7 9 10 12 13 | 13.3
Armour         | 4 6 7 9 10 | 10.2
Fighting       | 4 5 6 7 |  7.4
Shields        | 4 5 6 7 |  7.1
Stealth        | 2 3 |  3.9
Evocations     | |  0.8

Action                   |  1- 3 |  4- 6 |  7- 9 | 10-12 || total
-------------------------+-------+-------+-------+-------++-------
Melee: Long sword        |    62 |   115 |       |       ||   177
       Peck              |     5 |    14 |    38 |   106 ||   163
       Kick              |    10 |    22 |    68 |   159 ||   259
       Falchion          |       |     2 |   231 |   437 ||   670
Invok: Call Merchant     |       |       |       |     2 ||     2
       Potion Petition   |       |       |       |     1 ||     1
Evoke: Wand              |       |       |     1 |     7 ||     8
  Use: Potion            |       |     5 |       |    13 ||    18
       Scroll            |       |     5 |    13 |     6 ||    24
 Stab: Distracted        |       |       |       |     4 ||     4
       Petrified         |       |       |       |     1 ||     1
Armor: Scale mail        |    25 |    35 |    54 |   110 ||   224
Dodge: Dodged            |    26 |    80 |   171 |   302 ||   579
Block: Buckler           |     8 |    31 |    48 |   109 ||   196

Table legend: (Time is in decaauts)
 A = Elapsed time spent in this place.
 B = Non-inter-level travel time spent in this place.
 C = Inter-level travel time spent in this place.
 D = Time resting spent in this place.
 E = Time spent auto-exploring this place.
 F = Levels seen in this place.
 G = Mean time per level.
                   A        B        C        D        E       F      G
               +--------+--------+--------+--------+--------+-----+--------+
         Total |  13328 |  12906 |    422 |   3515 |   7326 |  13 | 1025.2 |
       Dungeon |  10388 |   9977 |    411 |   2146 |   6394 |  11 |  944.4 |
          Lair |   1714 |   1704 |     10 |    707 |    643 |   1 | 1714.0 |
      Gauntlet |   1226 |   1226 |      0 |    662 |    288 |   1 | 1226.0 |
               +--------+--------+--------+--------+--------+-----+--------+

Top non-repeatable levels by time:
  Lair:1: 1714 daAuts
     D:3: 1448 daAuts
    D:10: 1444 daAuts
     D:9: 1340 daAuts
Gauntlet: 1226 daAuts
     D:6: 1218 daAuts
     D:8: 930 daAuts
     D:2: 912 daAuts
     D:1: 815 daAuts
     D:5: 752 daAuts
     D:4: 698 daAuts
     D:7: 688 daAuts
    D:11: 139 daAuts
